 Dungeon Crawl Stone Soup version 0.13-a0-2676-gd993d8a (webtiles) character file.

925 M4edhros the Caregiver (level 7, -1/45 HPs)
             Began as an Octopode Wanderer on Aug 12, 2013.
             Was a Follower of Elyvilon.
             Slain by a gnoll (9 damage)
             ... on Level 7 of the Dungeon.
             The game lasted 00:13:19 (5303 turns).

M4edhros the Caregiver (Octopode Wanderer)          Turns: 5303, Time: 00:13:19

HP  -1/45        AC  1     Str 13      XL: 7   Next: 78%
MP  13/13        EV  8     Int 17      God: Elyvilon [*.....]
Gold 174         SH 13     Dex 11      Spells:  0 memorised,  6 levels left

Res.Fire  : . . .   See Invis. : .   a - +3,+2 crossbow
Res.Cold  : + . .   Warding    : .   t - +0 shield
Life Prot.: . . .   Conserve   : .   (helmet restricted)
Res.Poison: .       Res.Corr.  : .   x - amulet of faith
Res.Elec. : .       Clarity    : .   k - +2 ring of intelligence
Sust.Abil.: + .     Spirit.Shd : .   b - ring of protection from cold {unknown}
Res.Mut.  : .       Stasis     : .   o - ring of sustain abilities {unknown}
Res.Rott. : .       Flight     : .   (no ring)
Saprovore : . . .                    (no ring)
                                     (no ring)
                                     (no ring)
                                     (no ring)

@: about to teleport, mildly poisoned, slightly resistant to hostile
enchantments, stealthy
A: almost no armour, amphibious, 8 rings, constrict 8, camouflage 1, AC +1
a: Lesser Healing, Lesser Self-Healing, Divine Protection, Renounce Religion


You were on level 7 of the Dungeon.
You worshipped Elyvilon.
Elyvilon was pleased with you.
You were hungry.

You visited 1 branch of the dungeon, and saw 7 of its levels.

You collected 194 gold pieces.
You spent 70 gold pieces at shops.

Inventory:

Hand weapons
 a - a +3,+2 crossbow (weapon)
 g - a +2 blowgun
 z - a +2,+2 whip of electrocution
Missiles
 d - 27 bolts (quivered)
 j - 9 poisoned needles
 q - 15 sling bullets
Armour
 t - a +0 shield (worn)
Comestibles
 f - 4 bread rations
 i - a meat ration
 p - a rambutan
 s - a pear
 A - a chunk of adder flesh
Scrolls
 e - 2 scrolls of amnesia {unknown}
 h - 2 scrolls of noise {unknown}
 l - 4 scrolls of enchant armour {unknown}
 m - 2 scrolls of curse jewellery {unknown}
 n - 2 scrolls of magic mapping {unknown}
 r - a scroll of remove curse {unknown}
 v - a scroll of recharging {unknown}
 w - a scroll of random uselessness {unknown}
 y - 4 scrolls of teleportation
Jewellery
 b - a ring of protection from cold (right tentacle) {unknown}
 k - a +2 ring of intelligence (left tentacle)
 o - a ring of sustain abilities (on tentacle) {unknown}
 x - an amulet of faith (around mantle)
Potions
 c - a potion of speed
 B - a potion of brilliance
Magical staves
 u - an uncursed staff of conjuration {unknown}


   Skills:
 - Level 5.0 Fighting
   Level 0.4 Short Blades
   Level 3.2 Long Blades
 + Level 3.1 Maces & Flails
 + Level 4.8 Crossbows
 - Level 1.3 Stealth
 * Level 5.4 Invocations
 - Level 1.1 Evocations


You had 6 spell levels left.
You didn't know any spells.

Dungeon Overview and Level Annotations

Branches:
Dungeon (7/27)             Temple (0/1) D:5
    Orc: D:6-11

Altars:
Elyvilon

Shops:
D:4: *== D:6: }[


Innate Abilities, Weirdness & Mutations

You cannot wear most types of armour.
You are amphibious.
You can wear up to eight rings at the same time.
You can use your tentacles to constrict many enemies at once.
Your skin changes colour to match your surroundings (Stlth).
Your rubbery body absorbs attacks (AC +1).


Message History

The gnoll is moderately wounded.
You feel sick. The gnoll hits you. The gnoll hits you.
* * * LOW HITPOINT WARNING * * *
* * * LOW HITPOINT WARNING * * *
You feel sick.
You feel a little better.
The gnoll picks up a spear of venom.
The gnoll wields a spear of venom.
It begins to drip with poison!
* * * LOW HITPOINT WARNING * * *
You feel sick.
* * * LOW HITPOINT WARNING * * *
You feel sick.
Drink which item? (? for menu, Esc to quit)
Okay, then.
Read which item? (? for menu, Esc to quit)
As you read the scroll of teleportation, it crumbles to dust.
You feel strangely unstable.
* * * LOW HITPOINT WARNING * * *
You feel sick. The gnoll hits you!
You die...

#...###... ##.....#...
#.......... ######....).####
#...##...#### #
#......#.###### #####
#........##...#
#...########.....##...##
#......@ggg............%
#...#######(#....##...## ###.#
#.####<.....## #.#
#(####.......# #.#
#...##...<...#
...######.#######.............
.g.g....g.....B........###...#
.##g.......>..................
#....##.##....#......###....


You could see 3 gnolls.

Vanquished Creatures
  A black bear (D:6)
  A centaur (D:5)
  A gnoll sergeant (D:7)
  A hippogriff zombie (D:6)
  2 hounds
  3 crimson imps
  An iguana (D:7)
  An orc wizard (D:4)
  A scorpion (D:5)
  A killer bee zombie (D:5)
  A worker ant (D:5)
  An ogre zombie (D:5)
  4 adders
  A worker ant zombie (D:5)
  A gnoll (D:7)
  A giant mite (D:3)
  2 worms
  An adder zombie (D:5)
  A giant eyeball (D:5)
  5 giant geckos
  2 oozes
  8 orcs
  6 bats
  A bat skeleton (D:5)
  2 bat zombies (D:5)
  2 giant cockroaches
  9 goblins
  10 hobgoblins
  2 jackals (D:5)
  2 quokkas
  A giant gecko skeleton (D:5)
  4 giant newts
  A goblin zombie (D:5)
  A hobgoblin zombie (D:5)
  9 kobolds
  A quokka skeleton (D:5)
  8 rats
100 creatures vanquished.

Notes
Turn   | Place    | Note
--------------------------------------------------------------
     0 | D:1      | M4edhros, the Octopode Wanderer, began the quest for the Orb.
     0 | D:1      | Reached XP level 1. HP: 12/12 MP: 1/1
   821 | D:1      | Reached XP level 2. HP: 13/18 MP: 2/2
  1133 | D:3      | Reached XP level 3. HP: 19/23 MP: 3/3
  1196 | D:3      | Reached XP level 4. HP: 16/29 MP: 4/4
  1421 | D:3      | Found a white marble altar of Elyvilon.
  1428 | D:3      | Became a worshipper of Elyvilon the Healer
  2766 | D:4      | Found Ceuchila's Jewellery Shop.
  3021 | D:4      | Paralysed by a potion of paralysis for 5 turns
  3063 | D:4      | Found Zaurpheol's General Store.
  3071 | D:4      | Bought a scroll of identify for 28 gold pieces
  3071 | D:4      | Bought a scroll of teleportation for 42 gold pieces
  3091 | D:4      | Acquired Elyvilon's first power
  3173 | D:4      | Reached XP level 5. HP: 28/35 MP: 5/5
  3237 | D:4      | Reached skill level 1 in Invocations
  3298 | D:4      | Found Ziat's Jewellery Shop.
  3613 | D:4      | Reached skill level 1 in Maces & Flails
  3778 | D:5      | Entered Level 5 of the Dungeon
  3778 | D:5      | Found a staircase to the Ecumenical Temple.
  3782 | D:5      | Reached XP level 6. HP: 37/40 MP: 6/8
  4546 | D:5      | Noticed a centaur
  4559 | D:5      | Killed a centaur
  4559 | D:5      | Reached XP level 7. HP: 12/45 MP: 12/12
  5043 | D:6      | Found Klonaom's Gadget Shoppe.
  5129 | D:6      | Found Boicvoep's Armour Boutique.
  5168 | D:6      | Reached skill level 5 in Invocations
  5303 | D:7      | Slain by a gnoll

Action                   |  1- 3 |  4- 6 |  7- 9 || total
-------------------------+-------+-------+-------++-------
Melee: Short sword       |    34 |    62 |       ||    96
       Falchion          |     4 |       |       ||     4
       Whip              |       |    97 |    31 ||   128
 Fire: Crossbow          |       |     8 |     7 ||    15
Invok: Lesser Healing    |       |     2 |       ||     2
  Use: Potion            |       |    13 |     1 ||    14
       Scroll            |       |     2 |     1 ||     3
 Stab: Sleeping          |     3 |     3 |     1 ||     7
